 Dungeon Crawl Stone Soup version 0.20.0-8-g6b59dc7 (webtiles) character file.

5672 RKaid the Nimble (level 10, -1/63 HPs)
             Began as a Deep Elf Conjurer on May 30, 2017.
             Was a Believer of Vehumet.
             Slain by a manticore (9 damage)
             ... on level 9 of the Dungeon.
             The game lasted 00:32:34 (11137 turns).

RKaid the Nimble (Deep Elf Conjurer)               Turns: 11137, Time: 00:32:35

Health: -1/63      AC:  8    Str:  5    XL:     10   Next: 47%
Magic:  31/34      EV: 20    Int: 24    God:    Vehumet [**....]
Gold:   386        SH:  0    Dex: 15    Spells: 17/27 levels left

rFire    . . .     SeeInvis .   G - +1 lajatang (speed)
rCold    + . .     Gourm    .   (shield currently unavailable)
rNeg     . . .     Faith    .   r - +2 robe {rC+}
rPois    .         Spirit   .   q - +0 helmet
rElec    .         Reflect  .   (no cloak)
rCorr    +         Harm     .   (no gloves)
MR       +....                  n - +2 pair of boots
Stlth    ++........             M - amulet of magic regeneration {+MPregen}
Regen    0.2/turn               e - ring of magical power {MP+9}
MPRegen  0.4/turn               B - ring of resist corrosion

@: barbed spikes
A: mutation resistance 1
a: Renounce Religion


You were on level 9 of the Dungeon.
You worshipped Vehumet.
Vehumet was pleased with you.
You were hungry.

You visited 2 branches of the dungeon, and saw 10 of its levels.

You collected 386 gold pieces.

Inventory:

Hand Weapons
 a - a +0 hunting sling
   (You took it off a goblin on level 2 of the Dungeon)
 b - a +0 dagger of speed
   (You took it off Robin on level 2 of the Dungeon)
 A - a +0 short sword of venom
   (You found it on level 3 of the Dungeon)
 G - a +1 lajatang of speed (weapon)
   (You found it on level 9 of the Dungeon)
Missiles
 y - 56 sling bullets
 E - 2 throwing nets {=f}
Armour
 n - a +2 pair of boots (worn)
   (You found it on level 5 of the Dungeon)
 q - a +0 helmet (worn)
   (You took it off Robin on level 2 of the Dungeon)
 r - a +2 robe of cold resistance (worn)
   (You took it off Sigmund on level 2 of the Dungeon)
Jewellery
 e - a ring of magical power (left hand) {MP+9}
   (You found it on level 2 of the Dungeon)
 B - a ring of resist corrosion (right hand)
   (You found it on level 4 of the Dungeon)
 M - an amulet of magic regeneration (around neck) {+MPregen}
   (You found it on level 8 of the Dungeon)
Wands
 x - a wand of confusion (24/48)
   (You found it on level 3 of the Dungeon)
 D - a wand of digging (21/24)
   (You found it on level 2 of the Dungeon)
 F - a wand of paralysis (7/24)
   (You found it on level 6 of the Dungeon)
 K - a wand of flame (12/48)
   (You found it on level 7 of the Dungeon)
Scrolls
 g - 6 scrolls of amnesia
 m - a scroll of enchant armour
 o - 4 scrolls of remove curse
Potions
 d - 2 potions of agility
 f - 2 potions of might
 k - 2 potions of lignification {!q}
 l - a potion of curing
 p - a potion of ambrosia
 s - a potion of degeneration {!q}
 v - 2 potions of magic
 w - a potion of mutation {!q!q}
 z - a potion of flight
 J - a potion of cancellation
Books
 u - a book of Conjurations
Comestibles
 c - 5 bread rations
 h - 3 fruits
 t - 2 meat rations


   Skills:
 - Level 7.0 Fighting
 + Level 3.0 Staves
 + Level 10.9 Dodging
 - Level 2.8 Stealth
 - Level 9.0 Spellcasting
 - Level 8.0 Conjurations
 - Level 3.0 Hexes


You had 17 spell levels left.
You knew the following spells:

 Your Spells              Type           Power        Failure   Level  Hunger
a - Magic Dart            Conj           ####         1%          1    None
b - Searing Ray           Conj           #####.       1%          2    None
c - Dazzling Spray        Conj/Hex       #####.       1%          3    None
d - Iskenderun's Mystic   Conj           #####...     2%          4    ##.....


Dungeon Overview and Level Annotations

Branches:
Dungeon (9/15)             Temple (1/1) D:5
   Lair: D:8-11         Orc: D:9-12

Altars:
Ashenzari
Cheibriados
Dithmenos
Elyvilon
Fedhas
Gozag
Hepliaklqana
Kikubaaqudgha
Makhleb
Nemelex Xobeh
Okawaru
Qazlal
Ru
Sif Muna
Trog
Uskayaw
Vehumet
Xom
Yredelemnul
Zin
The Shining One

Shops:
D:6 [   D:9 (

Annotations:
D:8 exclusion: jelly


Innate Abilities, Weirdness & Mutations

You are somewhat resistant to further mutation.


Message History

Things that are here:
a giant club x2
Things that are here:
an enchanted great sword; 8 stones; a robe
Things that are here:
an enchanted short sword; a robe
There is a stone staircase leading down here.
You see here 11 poisoned needles.
Things that are here:
a whip; a robe
Things that are here:
a robe; a dagger
Things that are here:
a whip; a robe; a dagger You are feeling hungry.
The manticore is too close now for your liking.
Casting: Searing Ray
Confirm with . or Enter, or press ? or * to list all spells.
Aiming: Magic Dart
Press: ? - help, Shift-Dir - straight line, f - manticore
Aim: a manticore The magic dart hits the manticore.
The manticore flicks its tail.
The volley of spikes hits you!
The barbed spikes become lodged in your body.
Casting: Magic Dart
Confirm with . or Enter, or press ? or * to list all spells.
Aiming: Magic Dart
Press: ? - help, Shift-Dir - straight line, f/p - manticore
Aim: a manticore The magic dart hits the manticore.
Casting: Magic Dart
Confirm with . or Enter, or press ? or * to list all spells.
Aiming: Magic Dart
Press: ? - help, Shift-Dir - straight line, f/p - manticore
Aim: a manticore The magic dart hits the manticore.
The manticore flicks its tail.
The volley of spikes hits you!
The barbed spikes become lodged in your body.
Casting: Magic Dart
Confirm with . or Enter, or press ? or * to list all spells.
Aiming: Magic Dart
Press: ? - help, Shift-Dir - straight line, f/p - manticore
Aim: a manticore The magic dart hits the manticore.
The manticore flicks its tail.
The volley of spikes hits you!
The barbed spikes become lodged in your body.
Casting: Magic Dart
Confirm with . or Enter, or press ? or * to list all spells.
Aiming: Searing Ray
Press: ? - help, Shift-Dir - straight line, f/p - manticore
Aim: a manticore (lightly wounded)
The searing ray hits the manticore. (Press . to maintain the ray.)
A soldier ant comes into view.
The searing ray hits the manticore.
The manticore bites you! The manticore claws you.
The manticore barely misses you.
The searing ray hits the manticore.
The manticore closely misses you. The manticore claws you. x2
* * * LOW HITPOINT WARNING * * *
The searing ray hits the manticore.
You finish channeling your searing ray.
The manticore barely misses you. The manticore claws you.
* * * LOW HITPOINT WARNING * * *
The manticore claws you.
* * * LOW HITPOINT WARNING * * *
You feel much better. The manticore bites you. The manticore barely misses you.
The manticore completely misses you.
As you read the scroll labeled QAXUFO SUNOCI, it crumbles to dust.
You feel aware of your surroundings.
It was a scroll of magic mapping.
The manticore misses you. The manticore claws you! The manticore claws you.
* * * LOW HITPOINT WARNING * * *
You are confused.
You feel invigorated. The manticore barely misses you.
The manticore closely misses you.
The manticore claws you but does no damage.
The manticore closely misses you. The manticore claws you.
The manticore claws you!
* * * LOW HITPOINT WARNING * * *
The manticore bites you.
* * * LOW HITPOINT WARNING * * *
The manticore claws you!
* * * LOW HITPOINT WARNING * * *
The manticore claws you but does no damage.
You feel better.
You feel less invigorated. The manticore bites you!
* * * LOW HITPOINT WARNING * * *
The manticore closely misses you. x2
Okay, then.
You feel better. The manticore closely misses you.
The manticore claws you but does no damage. x2
Casting: Searing Ray
Confirm with . or Enter, or press ? or * to list all spells.
Aiming: Dazzling Spray
Press: ? - help, Shift-Dir - straight line, f/p - manticore
Aim: a manticore (heavily wounded)
The spray of energy hits the manticore.
The manticore bites you.
* * * LOW HITPOINT WARNING * * *
The manticore claws you!
You die...

**,,**,**
######,**,,*,*
#....#,***,*,*
#.######**,,**
#######.# **.*,**,*
......#.# *,#.***,*
#####.#.# *##.####*
..†.....# #.aH..#
#####.##########@.#
# #.#.......##..# #
#.#.≈≈≈≈≈.##..# #
#.#.≈###≈.##..#
#....'∩'.....##
#..#≈###≈##..#
#..#≈≈≈≈≈##.##
#..#######..# #..#
##.##


You could see a manticore and a soldier ant.

Vanquished Creatures
  A two-headed ogre (D:9)
  Pikel (D:7)
  A centaur zombie (D:9)
  A hippogriff (D:8)
  Sigmund (D:2)
  A hungry ghost (D:9)
  2 black bears
  2 sky beasts
  2 orc warriors (D:8)
  A slave (D:7)
  4 ice beasts
  A phantom (D:6)
  A necrophage (D:8)
  3 ogres
  A centaur (D:7)
  A wyvern zombie (D:8)
  3 bullfrogs
  5 scorpions
  7 wights
  4 howler monkeys
  A crimson imp (D:6)
  A quasit (D:7)
  A bullfrog zombie (D:7)
  A bullfrog skeleton (D:7)
  2 jellies
  8 hounds
  9 orc priests
  7 orc wizards
  2 centaur skeletons (D:4)
  A gnoll shaman (D:7)
  Terence (D:2)
  6 worker ants
  A hound skeleton (D:6)
  Robin (D:2)
  3 gnolls (D:7)
  10 adders
  3 shadow imps
  2 oozes
  An adder skeleton (D:4)
  4 worms
  A dart slug (D:1)
  6 leopard geckos
  21 orcs
  3 giant cockroaches
  16 goblins
  9 hobgoblins
  4 jackals (D:2)
  5 kobolds
  6 quokkas
  2 ball pythons
  7 bats
  8 frilled lizards
  A jackal skeleton (D:4)
  9 rats
206 creatures vanquished.

Vanquished Creatures (others)
  A slave (D:7)
  A gnoll (D:7)
2 creatures vanquished.

Grand Total: 208 creatures vanquished

Notes
Turn   | Place    | Note
-------+----------+-------------------------------------------
     0 | D:1      | RKaid the Deep Elf Conjurer began the quest for the Orb.
     0 | D:1      | Reached XP level 1. HP: 10/10 MP: 6/6
   319 | D:1      | Reached XP level 2. HP: 15/15 MP: 5/8
   782 | D:1      | Reached skill level 3 in Dodging
   833 | D:1      | Reached XP level 3. HP: 19/19 MP: 2/9
  1167 | D:2      | Reached skill level 5 in Conjurations
  1251 | D:1      | Learned a level 2 spell: Searing Ray
  1371 | D:2      | Noticed Terence
  1781 | D:2      | Reached XP level 4. HP: 19/24 MP: 11/11
  1905 | D:2      | Learned a level 3 spell: Dazzling Spray
  1910 | D:2      | Learned a level 4 spell: Iskenderun's Mystic Blast
  1953 | D:2      | Found a sparkling altar of Nemelex Xobeh.
  2003 | D:2      | Noticed Robin
  2003 | D:2      | Reached skill level 4 in Dodging
  2013 | D:2      | Killed Robin
  2185 | D:2      | Noticed Sigmund
  2236 | D:2      | Killed Terence
  2350 | D:2      | Killed Sigmund
  2350 | D:2      | Reached skill level 1 in Fighting
  2350 | D:2      | Reached skill level 4 in Spellcasting
  2350 | D:2      | Reached skill level 6 in Conjurations
  2350 | D:2      | Reached XP level 5. HP: 18/29 MP: 11/13
  2350 | D:2      | Reached XP level 6. HP: 21/34 MP: 11/14
  2628 | D:2      | Found a burning altar of Makhleb.
  2628 | D:2      | Noticed a cacodemon
  2794 | D:3      | Found a sacrificial altar of Ru.
  2801 | D:3      | Found a basalt altar of Yredelemnul.
  2892 | D:3      | Found a bloodstained altar of Trog.
  3227 | D:4      | Reached skill level 5 in Spellcasting
  3547 | D:4      | Reached skill level 1 in Hexes
  3635 | D:4      | Reached skill level 7 in Conjurations
  3893 | D:4      | Reached skill level 2 in Fighting
  3893 | D:4      | Reached skill level 2 in Hexes
  3893 | D:4      | Reached XP level 7. HP: 18/40 MP: 16/16
  4319 | D:5      | Entered Level 5 of the Dungeon
  4425 | D:5      | Found a stormy altar of Qazlal.
  4465 | D:5      | Found a white marble altar of Elyvilon.
  4555 | D:5      | Found a staircase to the Ecumenical Temple.
  4565 | Temple   | Entered the Ecumenical Temple
  4648 | Temple   | Became a worshipper of Vehumet
  4882 | D:5      | Reached skill level 3 in Hexes
  5212 | D:6      | Reached skill level 8 in Conjurations
  5448 | D:6      | Reached skill level 3 in Fighting
  5448 | D:6      | Reached XP level 8. HP: 46/46 MP: 18/18
  5527 | D:6      | Reached skill level 5 in Dodging
  5555 | D:6      | Found Tiuw's Armour Shop.
  5752 | D:6      | Found a shimmering altar of Xom.
  5752 | D:6      | Found a shimmering altar of Xom.
  5753 | D:6      | Found a shimmering altar of Xom.
  5754 | D:6      | Found a shimmering altar of Xom.
  5756 | D:6      | Found a shimmering altar of Xom.
  5827 | D:6      | Reached skill level 6 in Spellcasting
  6195 | D:6      | Found a deep blue altar of Sif Muna.
  6312 | D:6      | Reached skill level 6 in Dodging
  6362 | D:6      | Gained mutation: You are somewhat resistant to further mutation. [mutagenic meat]
  6568 | D:6      | Reached skill level 4 in Fighting
  7023 | D:6      | Reached skill level 7 in Spellcasting
  7156 | D:6      | Found a snail-covered altar of Cheibriados.
  7272 | D:7      | Found an iron altar of Okawaru.
  7379 | D:7      | Found a blossoming altar of Fedhas.
  7597 | D:7      | Reached * piety under Vehumet
  7597 | D:7      | Offered knowledge of Flame Tongue by Vehumet.
  7612 | D:7      | Reached skill level 7 in Dodging
  7738 | D:7      | Reached XP level 9. HP: 49/52 MP: 22/22
  7861 | D:7      | Reached skill level 8 in Spellcasting
  8159 | D:7      | Noticed Pikel
  8169 | D:7      | Killed Pikel
  8169 | D:7      | Reached skill level 5 in Fighting
  8326 | D:7      | Found an ancient bone altar of Kikubaaqudgha.
  8473 | D:7      | Reached skill level 8 in Dodging
  8605 | D:8      | Reached skill level 9 in Spellcasting
  8827 | D:8      | Reached skill level 9 in Dodging
  8881 | D:8      | Reached skill level 6 in Fighting
  9530 | D:9      | Noticed a manticore
  9537 | D:9      | Found Nuweas's Antique Weapon Shop.
  9588 | D:9      | Reached XP level 10. HP: 61/61 MP: 25/25
  9602 | D:9      | Offered knowledge of Sandblast by Vehumet.
  9731 | D:9      | Reached ** piety under Vehumet
  9991 | D:8      | Reached skill level 10 in Dodging
 10284 | D:9      | Reached skill level 7 in Fighting
 10417 | D:9      | Found a sparkling altar of Nemelex Xobeh.
 10602 | D:9      | Reached skill level 1 in Staves
 10814 | D:9      | Noticed a two-headed ogre
 10851 | D:9      | Killed a two-headed ogre
 10851 | D:9      | Reached skill level 3 in Staves
 11129 | D:9      | HP: 13/63 [manticore (3)]
 11134 | D:9      | HP: 10/63 [manticore (7)]
 11137 | D:9      | Slain by a manticore

Skill      XL: |  1  2  3  4  5  6  7  8  9 10 |
---------------+-------------------------------+-----
Dodging        | 3 4 7 9 10 | 10.9
Conjurations   | 5 6 7 8 |  8.0
Fighting       | 1 2 3 4 6 7 |  7.0
Spellcasting   | 4 5 7 9 |  9.0
Hexes          | 2 3 |  3.0
Staves         | 3 |  3.0
Stealth        | |  2.8

Action                   |  1- 3 |  4- 6 |  7- 9 | 10-12 || total
-------------------------+-------+-------+-------+-------++-------
Melee: Dagger            |       |     2 |    20 |    13 ||    35
       Lajatang          |       |       |       |    32 ||    32
 Fire: Hunting sling     |       |    13 |     3 |       ||    16
 Cast: Magic Dart        |    82 |   124 |   356 |   102 ||   664
       Searing Ray       |     3 |     3 |     8 |     8 ||    22
       Dazzling Spray    |       |     2 |    34 |     9 ||    45
       Iskenderun's Myst |       |       |     5 |     6 ||    11
  Use: Scroll            |     1 |     8 |    12 |     1 ||    22
       Potion            |       |       |       |     4 ||     4
 Stab: Invisible         |       |       |     2 |     1 ||     3
       Sleeping          |       |       |       |     1 ||     1
  Eat: Chunk             |     2 |     7 |    10 |     7 ||    26
       Fruit             |       |       |     3 |       ||     3
       Royal jelly       |       |       |     3 |       ||     3
Armor: Robe              |     1 |     7 |    46 |    23 ||    77
Dodge: Dodged            |    13 |    27 |   120 |   115 ||   275

Table legend:
 A = Turns spent in this place as a percentage of turns spent in the entire game.
 B = Non-inter-level travel turns spent in this place as a percentage of non-inter-level travel turns spent in the entire game.
 C = Inter-level travel turns spent in this place as a percentage of turns spent in this place.
 D = Turns resting spent in this place as a percentage of non-inter-level travel turns spent in this place.
 E = Turns spent auto-exploring this place as a percentage of non-inter-level travel turns spent in this place.
 F = Non-inter-level travel turns spent in this place divided by the number of levels of this place that you've seen.
                   A       B       C       D       E      F
               +-------+-------+-------+-------+-------+----------------------
         Total | 100.0 | 100.0 |   0.5 |   6.8 |  11.3 | 236.2
       Dungeon |  98.8 |  98.9 |   0.5 |   6.9 |  11.2 | 259.4
        Temple |   1.2 |   1.1 |   3.6 |   0.0 |  25.9 |  27.0
               +-------+-------+-------+-------+-------+----------------------

Table legend:
 A = Kills in this place as a percentage of kills in entire the game.
 B = Kills by you in this place as a percentage of kills by you in the entire game.
 C = Kills by friends in this place as a percentage of kills by friends in the entire game.
 D = Other kills in this place as a percentage of other kills in the entire game.
 E = Experience gained in this place as a percentage of experience gained in the entire game.
 F = Experience gained in this place divided by the number of levels of this place that you have seen.
                   A       B       C       D       E      F
               +-------+-------+-------+-------+-------+----------------------
         Total | 100.0 | 100.0 |  -nan |  -nan | 100.0 | 810.4
       Dungeon | 100.0 | 100.0 |  -nan |  -nan | 100.0 | 900.4
               +-------+-------+-------+-------+-------+----------------------
